[Event "ICC tourney 2916 (30 10)"]
[Site "Internet Chess Club"]
[Date "2022.05.21"]
[Round "3"]
[White "Doan Giang, Nguyen Doan:Doctorstrange04"]
[Black "ANGEL, BORYS:BArkadia"]
[Result "1-0"]
[ICCResult "Black resigns"]
[WhiteElo "1698"]
[BlackElo "1442"]
[Opening "Scotch game"]
[ECO "C45"]
[NIC "SO.04"]
[Time "16:01:01"]
[PlyCount "105"]
[TimeControl "1800+10"]

1. e4 e5 2. Nf3 Nc6 3. d4 exd4 4. Nxd4 d5 5. Nxc6 bxc6 6. exd5 cxd5 7. Bb5+
Bd7 8. Qxd5 Bxb5 9. Qxb5+ Qd7 10. Qxd7+ Kxd7 11. O-O Bd6 12. Nc3 Nf6 13. Bg5
Ng4 14. h3 Ne5 15. Rad1 f6 16. Bc1 Rab8 17. b3 Ke7 18. Be3 a6 19. Rfe1 Kf7
20. Na4 Nd7 21. Bd4 Rbd8 22. c4 c5 23. Be3 Be7 24. Bf4 Nb8 25. Bxb8 Rxb8 26.
Rd7 Rhe8 27. Nxc5 Ra8 28. Nb7 Kf8 29. Kf1 Bb4 30. Rxe8+ Rxe8 31. g4 Re1+ 32.
Kg2 Ra1 33. c5 Rc1 34. Rd6 Ke7 35. Rxa6 Kd7 36. a3 Bxc5 37. Nxc5+ Rxc5 38.
Ra7+ Ke6 39. Rxg7 Rc3 40. Rb7 h6 41. a4 Rc1 42. a5 Ra1 43. b4 Kd5 44. Rb6
Ke5 45. a6 Ra4 46. b5 f5 47. gxf5 Kxf5 48. Rxh6 Ke5 49. Rh7 Kd6 50. a7 Kc5
51. Rb7 Kd6 52. b6 Kc6 53. Rb8 {Black resigns} 1-0

[Event "ICC tourney 2916 (30 10)"]
[Site "Internet Chess Club"]
[Date "2022.05.21"]
[Round "3"]
[White "SHANMUGAM, MEERA:K05-16606945"]
[Black "LEONG, ANSON:CaptainAL13"]
[Result "0-1"]
[ICCResult "White checkmated"]
[WhiteElo "1353"]
[BlackElo "1378"]
[Opening "French: Tarrasch, closed variation"]
[ECO "C05"]
[NIC "FR.16"]
[Time "16:01:03"]
[PlyCount "72"]
[TimeControl "1800+10"]

1. e4 e6 2. d4 d5 3. Nd2 Nf6 4. e5 Nfd7 5. f4 c5 6. c3 Nc6 7. Ndf3 Be7 8. a3
cxd4 9. cxd4 Qb6 10. Ne2 f6 11. Ng3 O-O 12. Be2 Na5 13. b4 Nc4 14. O-O fxe5
15. fxe5 Ndxe5 16. Nxe5 Nxe5 17. Rxf8+ Bxf8 18. Kh1 Ng6 19. Be3 Bd7 20. Qc2
Rc8 21. Qd3 a6 22. Bh5 Bb5 23. Qb1 Rc3 24. Bxg6 hxg6 25. Bd2 Rd3 26. Be1
Qxd4 27. a4 Bc4 28. Ne2 Qe3 29. Ng1 Bd6 30. b5 Qh6 31. g3 d4 32. bxa6 Bd5+
33. Nf3 Rxf3 34. Kg1 Qe3+ 35. Bf2 Qxf2+ 36. Kh1 Rd3# {White checkmated} 0-1

[Event "ICC tourney 2916 (30 10)"]
[Site "Internet Chess Club"]
[Date "2022.05.21"]
[Round "3"]
[White "THAIN, JACK:jt1819"]
[Black "GEVORGYAN, DAVIT:Davo29"]
[Result "1-0"]
[ICCResult "Black resigns"]
[WhiteElo "1662"]
[BlackElo "1676"]
[Opening "Queen's pawn: Chigorin variation"]
[ECO "D00"]
[NIC "QP.08"]
[Time "16:01:03"]
[PlyCount "81"]
[TimeControl "1800+10"]

1. d4 d5 2. Nc3 Nf6 3. Bf4 c5 4. e3 Nc6 5. Nb5 e5 6. Bxe5 Nxe5 7. dxe5 Ne4
8. Qxd5 Qxd5 9. Nc7+ Kd8 10. Nxd5 Bd7 11. Bd3 f5 12. Bxe4 fxe4 13. O-O-O Kc8
14. Nc3 Bc6 15. Nge2 Kc7 16. Nd5+ Bxd5 17. Rxd5 Be7 18. Rhd1 Rad8 19. Nf4
Rxd5 20. Nxd5+ Kd7 21. Nf6+ Ke6 22. Nxe4 Kxe5 23. Ng3 Ke6 24. e4 Bg5+ 25.
Kb1 g6 26. f3 Rf8 27. c4 Bf4 28. Kc2 h5 29. Nf1 g5 30. Kd3 g4 31. g3 Bb8 32.
f4 h4 33. Rd2 hxg3 34. hxg3 Rh8 35. Rh2 Rd8+ 36. Ke2 Rd4 37. Nd2 Bc7 38. Ke3
Bd8 39. Rh5 Rd7 40. Rd5 Rh7 41. Rxd8 {Black resigns} 1-0

[Event "ICC tourney 2916 (30 10)"]
[Site "Internet Chess Club"]
[Date "2022.05.21"]
[Round "3"]
[White "Augustine, Alexander Demir:DemaddAAA"]
[Black "SULTAN, BASHIR Cisse:muzikmixer"]
[Result "1-0"]
[ICCResult "Black resigns"]
[WhiteElo "1114"]
[BlackElo "1429"]
[Opening "Robatsch (modern) defense"]
[ECO "B06"]
[NIC "KF.05"]
[Time "16:01:02"]
[PlyCount "87"]
[TimeControl "1800+10"]

1. e4 g6 2. d4 Bg7 3. Be3 c5 4. c3 Qb6 5. Qb3 cxd4 6. Qxb6 axb6 7. cxd4 Nc6
8. Nf3 Nb4 9. Na3 Rxa3 10. bxa3 Nc2+ 11. Kd1 Nxa1 12. Kc1 Nf6 13. Bd3 Ng4
14. Kb2 Nxe3 15. fxe3 Bh6 16. Re1 O-O 17. Kxa1 d6 18. h3 Bd7 19. g4 Rc8 20.
Kb2 Kf8 21. e5 dxe5 22. Nxe5 Be6 23. Nf3 Ke8 24. Nd2 Bg7 25. Ne4 h6 26. Nc3
h5 27. gxh5 gxh5 28. Rg1 Kf8 29. Rg3 h4 30. Rf3 Bf6 31. Ne4 Bd5 32. Rf5 Be6
33. Rh5 Kg7 34. Nxf6 exf6 35. Rxh4 Rh8 36. Rxh8 Kxh8 37. Bf1 Kh7 38. Bg2 Kh6
39. Kc3 Kh5 40. Kb4 Kh4 41. Kb5 Bxh3 42. Bxh3 Kxh3 43. Kxb6 Kg3 44. d5
{Black resigns}
1-0

[Event "ICC tourney 2916 (30 10)"]
[Site "Internet Chess Club"]
[Date "2022.05.21"]
[Round "3"]
[White "MEI, ZERUI TITUS:Thankfulfortune"]
[Black "Bharathy Mohan, Aarav Sai:aaravbm"]
[Result "0-1"]
[ICCResult "White forfeits on time"]
[WhiteElo "1142"]
[BlackElo "1177"]
[Opening "Giuoco Piano"]
[ECO "C54"]
[NIC "IG.02"]
[Time "16:01:08"]
[PlyCount "56"]
[TimeControl "1800+10"]

1. e4 e5 2. Nf3 Nc6 3. Bc4 Bc5 4. c3 Nf6 5. d3 h6 6. Nbd2 d6 7. O-O O-O 8.
a4 a6 9. b4 Ba7 10. h3 Bd7 11. Bb2 Re8 12. Qb3 Rf8 13. Rfe1 Ne7 14. Nf1 c6
15. Ng3 b5 16. axb5 axb5 17. Bxb5 cxb5 18. Ra6 Bxf2+ 19. Kxf2 Rxa6 20. Kf1
Be6 21. Qc2 Ng6 22. Bc1 Qc8 23. Kg1 Ra2 24. Qb1 Qxc3 25. Ne2 Qb3 26. Qxb3
Bxb3 27. Nc3 Ra6 28. Nxb5 Rb6 {White forfeits on time} 0-1

[Event "ICC tourney 2916 (30 10)"]
[Site "Internet Chess Club"]
[Date "2022.05.21"]
[Round "3"]
[White "VALE CRUZ, ARMIN:trucker"]
[Black "WU, WINSTON:K01-30022609"]
[Result "1-0"]
[ICCResult "Black checkmated"]
[WhiteElo "1592"]
[BlackElo "1405"]
[Opening "French: Tarrasch, closed variation"]
[ECO "C05"]
[NIC "FR.14"]
[Time "16:01:06"]
[PlyCount "67"]
[TimeControl "1800+10"]

1. e4 e6 2. d4 d5 3. Nd2 Nf6 4. Bd3 Nc6 5. c3 Be7 6. Ngf3 O-O 7. e5 Nd7 8.
Qc2 h6 9. Nf1 f6 10. exf6 Bxf6 11. Ne3 Nb6 12. Bd2 e5 13. dxe5 Nxe5 14. Nxe5
Bxe5 15. O-O-O Rxf2 16. Rdf1 Rxf1+ 17. Rxf1 Be6 18. Bh7+ Kh8 19. Bf5 Qe7 20.
Ng4 Bd6 21. Re1 Bxf5 22. Qxf5 Qf8 23. Qg6 Nc4 24. g3 a5 25. Kc2 a4 26. Bc1
a3 27. b3 Nb6 28. Be3 Re8 29. Nxh6 gxh6 30. Bd4+ Be5 31. Rxe5 Qf2+ 32. Re2+
Re5 33. Bxe5+ Qf6 34. Bxf6# {Black checkmated} 1-0

[Event "ICC tourney 2916 (30 10)"]
[Site "Internet Chess Club"]
[Date "2022.05.21"]
[Round "3"]
[White "QIAO, RICHARDSON JINGSI:Richardsonqiao"]
[Black "PUGH, RICHARD:rpughiii"]
[Result "0-1"]
[ICCResult "White checkmated"]
[WhiteElo "1215"]
[BlackElo "1401"]
[Opening "Queen's pawn: English defense"]
[ECO "A40"]
[NIC "QO.17"]
[Time "16:01:58"]
[PlyCount "110"]
[TimeControl "1800+10"]

1. d4 b6 2. Bf4 Bb7 3. e3 e6 4. Nf3 Nf6 5. c3 d5 6. Bd3 Nbd7 7. Nbd2 Be7 8.
O-O O-O 9. Qc2 c5 10. b3 Rc8 11. Qb2 Ne4 12. Bxe4 dxe4 13. Ne1 g5 14. Bg3 f5
15. f3 f4 16. exf4 gxf4 17. fxe4 fxg3 18. Rxf8+ Qxf8 19. hxg3 Qg7 20. Kh2
Qh6+ 21. Kg1 Qe3+ 22. Kh2 Bxe4 23. Nxe4 Qxe4 24. Qa3 Rc7 25. Rd1 Nf6 26. Qb2
Ng4+ 27. Kh1 cxd4 28. cxd4 Bb4 29. Nf3 Rc2 30. Qb1 Nf2+ 31. Kg1 Nxd1 32.
Qxd1 Qe3+ 33. Kh1 Rc1 34. Qxc1 Qxc1+ 35. Kh2 Bd6 36. Nh4 Qc3 37. Nf3 Qc7 38.
a4 Bxg3+ 39. Kh3 h5 40. Ne5 Bxe5 41. dxe5 Qxe5 42. b4 Qf4 43. a5 Qg4+ 44.
Kh2 e5 45. axb6 axb6 46. b5 e4 47. Kg1 Qg3 48. Kf1 e3 49. Ke2 Qf2+ 50. Kd3
Qd2+ 51. Kc4 e2 52. g4 e1=Q 53. gxh5 Qec1+ 54. Kb3 Qdb2+ 55. Ka4 Qca1#
{White checkmated}
0-1

[Event "ICC tourney 2916 (30 10)"]
[Site "Internet Chess Club"]
[Date "2022.05.21"]
[Round "3"]
[White "GRESEN, EVAN MICHAEL:EVMIGR"]
[Black "GHOSH, YOHAN:luckylion"]
[Result "1/2-1/2"]
[ICCResult "Game drawn by repetition"]
[WhiteElo "1568"]
[BlackElo "1295"]
[Opening "KGA: Kieseritsky, long whip (Stockwhip, classical) defense"]
[ECO "C39"]
[NIC "KG.01"]
[Time "16:01:31"]
[PlyCount "102"]
[TimeControl "1800+10"]

1. e4 e5 2. f4 exf4 3. Nf3 g5 4. h4 g4 5. Ne5 h5 6. Bc4 Nh6 7. d4 Qf6 8. Nc3
Bd6 9. Nd5 Qg7 10. Bxf4 c6 11. Nc3 f6 12. Nd3 Bxf4 13. Nxf4 b5 14. Bb3 a5
15. a3 d6 16. Qd3 Ba6 17. Nce2 Nd7 18. Ne6 Qe7 19. Nc7+ Kd8 20. Nxa8 Bb7 21.
Nf4 Nf8 22. Nb6 Qc7 23. Nbd5 cxd5 24. Nxd5 Bxd5 25. Bxd5 Qd7 26. Qc3 a4 27.
Qa5+ Ke7 28. O-O-O Ne6 29. Bxe6 Kxe6 30. e5 Rc8 31. d5+ Kxe5 32. Qe1+ Kf5
33. Rf1+ Kg6 34. Qe2 Nf5 35. Qd3 Re8 36. Rde1 Rxe1+ 37. Rxe1 Kg7 38. Re6
Nxh4 39. Qg3 Nf5 40. Qf4 Kg6 41. Qe4 Qa7 42. Rxd6 Qg1+ 43. Kd2 Qf2+ 44. Kd1
Qf1+ 45. Kd2 Qf2+ 46. Kc1 Qf1+ 47. Kd2 Qf2+ 48. Kd1 Qf1+ 49. Kd2 Qf2+ 50.
Kd1 Qf1+ 51. Kd2 Qf2+ {Game drawn by repetition} 1/2-1/2

[Event "ICC tourney 2916 (30 10)"]
[Site "Internet Chess Club"]
[Date "2022.05.21"]
[Round "3"]
[White "Mason, Mike W:MikeWMason"]
[Black "BUENAVISTA, PROSPERO SILOS:perryb"]
[Result "0-1"]
[ICCResult "White resigns"]
[WhiteElo "1555"]
[BlackElo "1659"]
[Opening "Sicilian: Smith-Morra gambit"]
[ECO "B21"]
[NIC "SI.48"]
[Time "16:01:58"]
[PlyCount "62"]
[TimeControl "1800+10"]

1. e4 c5 2. d4 cxd4 3. c3 dxc3 4. Nxc3 d6 5. Nf3 a6 6. Bc4 e6 7. O-O Nf6 8.
Qe2 Be7 9. Rd1 Qc7 10. Bf4 e5 11. Be3 O-O 12. Rac1 Nc6 13. Nd5 Nxd5 14. exd5
Nd8 15. Bd3 Qa5 16. Rc4 b5 17. b4 Qa4 18. Bc2 Qa3 19. Rc7 Bf6 20. Rb1 g6 21.
Bc1 Qxa2 22. Qd1 Bb7 23. Be4 Rc8 24. Rb2 Qxb2 25. Rxc8 Qxb4 26. Bxg6 fxg6
27. Rc7 e4 28. Bh6 Rf7 29. Rxf7 Nxf7 30. Bd2 Qa4 31. Ne1 Qxd1 {White
resigns} 0-1

[Event "ICC tourney 2916 (30 10)"]
[Site "Internet Chess Club"]
[Date "2022.05.21"]
[Round "4"]
[White "Bharathy Mohan, Aarav Sai:aaravbm"]
[Black "SHI, WARREN:warren200"]
[Result "1-0"]
[ICCResult "Black checkmated"]
[WhiteElo "1177"]
[BlackElo "886"]
[Opening "English opening"]
[ECO "A20"]
[NIC "EO.25"]
[Time "18:00:34"]
[PlyCount "29"]
[TimeControl "1800+10"]

1. c4 e5 2. e4 Bc5 3. Nf3 Nc6 4. d3 d6 5. Nc3 Nf6 6. Bg5 O-O 7. Nd5 h6 8.
Nxf6+ gxf6 9. Bxh6 Re8 10. Nh4 a6 11. Nf5 Bxf5 12. exf5 Kh8 13. Qh5 Kh7 14.
Be2 Rg8 15. Bf8# {Black checkmated} 1-0

[Event "ICC tourney 2916 (30 10)"]
[Site "Internet Chess Club"]
[Date "2022.05.21"]
[Round "4"]
[White "LEONG, ANSON:CaptainAL13"]
[Black "GHOSH, YOHAN:luckylion"]
[Result "1-0"]
[ICCResult "Black checkmated"]
[WhiteElo "1378"]
[BlackElo "1295"]
[Opening "Giuoco Piano"]
[ECO "C50"]
[NIC "IG.02"]
[Time "18:00:17"]
[PlyCount "47"]
[TimeControl "1800+10"]

1. e4 e5 2. Nf3 Nc6 3. Bc4 Bc5 4. Nc3 d6 5. d3 h6 6. h3 Nf6 7. a3 a6 8. Bb3
O-O 9. g4 Nxg4 10. hxg4 Bxg4 11. Rg1 h5 12. Be3 Qf6 13. Rg3 Bd4 14. Nd5 Qd8
15. c3 Bxe3 16. Nxe3 Qd7 17. Nxg4 hxg4 18. Nh4 Na5 19. Ba2 Kh7 20. Nf5 g6
21. Qxg4 Rh8 22. Rh3+ Kg8 23. Qxg6+ Kf8 24. Rxh8# {Black checkmated} 1-0

[Event "ICC tourney 2916 (30 10)"]
[Site "Internet Chess Club"]
[Date "2022.05.21"]
[Round "4"]
[White "Anthony, Joseph:ajk170378"]
[Black "INDUKURI, SUHAS VARMA:Suhas12"]
[Result "1-0"]
[ICCResult "Black checkmated"]
[WhiteElo "1534"]
[BlackElo "1490"]
[Opening "Sicilian defense"]
[ECO "B20"]
[NIC "SI.48"]
[Time "18:00:20"]
[PlyCount "71"]
[TimeControl "1800+10"]

1. e4 c5 2. Bc4 e6 3. Nf3 a6 4. d4 d5 5. exd5 exd5 6. Be2 Be6 7. O-O Nf6 8.
c3 Be7 9. Bg5 Qc7 10. dxc5 Bxc5 11. Bxf6 gxf6 12. Nd4 Nd7 13. Re1 O-O-O 14.
Nd2 Kb8 15. b4 Ba7 16. a4 Rhg8 17. Nxe6 fxe6 18. a5 Qf4 19. Nf3 Ne5 20. Nd4
Bxd4 21. cxd4 Nc6 22. g3 Nxd4 23. Kg2 Nxe2 24. Qxe2 e5 25. b5 Qc4 26. bxa6
Qxe2 27. Rxe2 bxa6 28. Rb1+ Ka7 29. Rb6 Rgf8 30. Rc2 Rb8 31. Rc7+ Rb7 32.
Rbxb7+ Ka8 33. Ra7+ Kb8 34. Rcb7+ Kc8 35. Rxh7 d4 36. Ra8# {Black
checkmated} 1-0

[Event "ICC tourney 2916 (30 10)"]
[Site "Internet Chess Club"]
[Date "2022.05.21"]
[Round "4"]
[White "GEVORGYAN, DAVIT:Davo29"]
[Black "Augustine, Alexander Demir:DemaddAAA"]
[Result "1-0"]
[ICCResult "Black resigns"]
[WhiteElo "1676"]
[BlackElo "1114"]
[Opening "French: Tarrasch, open, 4.ed ed"]
[ECO "C08"]
[NIC "FR.20"]
[Time "18:00:29"]
[PlyCount "83"]
[TimeControl "1800+10"]

1. e4 e6 2. d4 d5 3. Nd2 c5 4. exd5 exd5 5. Bb5+ Bd7 6. Bxd7+ Qxd7 7. Ngf3
Nf6 8. O-O Be7 9. dxc5 O-O 10. Nb3 Na6 11. Be3 Rac8 12. c3 Nxc5 13. Nxc5
Bxc5 14. Bxc5 Rxc5 15. Nd4 Rfc8 16. Re1 h6 17. Qd3 Qg4 18. Re5 g6 19. Rae1
Ne4 20. Nb3 Qf4 21. R5xe4 dxe4 22. Rxe4 Qg5 23. Nxc5 Rd8 24. Rd4 Qc1+ 25.
Qf1 Qg5 26. Rxd8+ Qxd8 27. Qd3 Qe7 28. Qe3 Qd6 29. h3 Qd1+ 30. Kh2 Qd6+ 31.
g3 Qb6 32. Qe8+ Kg7 33. Qe5+ Kg8 34. b4 a5 35. bxa5 Qb2 36. Kg2 Qxa2 37.
Nxb7 Qb3 38. Nd6 Kh7 39. a6 Qb6 40. Ne8 Qc6+ 41. Kg1 f6 42. Qe7+ {Black
resigns} 1-0

[Event "ICC tourney 2916 (30 10)"]
[Site "Internet Chess Club"]
[Date "2022.05.21"]
[Round "4"]
[White "ANGEL, BORYS:BArkadia"]
[Black "Mason, Mike W:MikeWMason"]
[Result "0-1"]
[ICCResult "White checkmated"]
[WhiteElo "1442"]
[BlackElo "1555"]
[Opening "Sicilian: accelerated fianchetto, Maróczy bind, 5...Bg7"]
[ECO "B37"]
[NIC "SI.33"]
[Time "18:00:52"]
[PlyCount "102"]
[TimeControl "1800+10"]

1. e4 c5 2. Nf3 Nc6 3. d4 cxd4 4. Nxd4 g6 5. c4 Bg7 6. Nxc6 bxc6 7. Nc3 d6
8. Be3 Nf6 9. Be2 O-O 10. f4 Qa5 11. O-O Rb8 12. Qc1 Ng4 13. Bd2 Qb6+ 14.
Kh1 Nf2+ 15. Rxf2 Qxf2 16. Be3 Qh4 17. g3 Qh3 18. Rb1 Qd7 19. Qd2 Qc7 20.
Rf1 Qb7 21. b3 Qb4 22. Rc1 a5 23. f5 a4 24. Bh6 Bxh6 25. Qxh6 axb3 26. axb3
Qa5 27. Bg4 Qe5 28. Ne2 Qxe4+ 29. Kg1 Bxf5 30. Bxf5 Qxf5 31. Rf1 Qe5 32. Nf4
Qe3+ 33. Kg2 e5 34. h4 exf4 35. Rxf4 Rxb3 36. Qg5 Rb2+ 37. Kh3 Rb1 38. Qf6
Qe6+ 39. Qxe6 fxe6 40. Rxf8+ Kxf8 41. c5 dxc5 42. Kg4 c4 43. Kg5 c3 44. h5
Rb5+ 45. Kg4 gxh5+ 46. Kh4 c2 47. g4 c1=Q 48. g5 Rb4+ 49. Kg3 Qc3+ 50. Kf2
Rb2+ 51. Kf1 Qc1# {White checkmated} 0-1

[Event "ICC tourney 2916 (30 10)"]
[Site "Internet Chess Club"]
[Date "2022.05.21"]
[Round "4"]
[White "BUENAVISTA, PROSPERO SILOS:perryb"]
[Black "Doan Giang, Nguyen Doan:Doctorstrange04"]
[Result "0-1"]
[ICCResult "White resigns"]
[WhiteElo "1659"]
[BlackElo "1698"]
[Opening "King's Indian: London system"]
[ECO "A48"]
[NIC "QP.03"]
[Time "18:00:17"]
[PlyCount "114"]
[TimeControl "1800+10"]

1. d4 Nf6 2. Nf3 g6 3. Bf4 Bg7 4. e3 d6 5. Bd3 Nh5 6. Bg5 h6 7. Bh4 c5 8. c3
cxd4 9. exd4 g5 10. Bg3 Nc6 11. O-O f5 12. h3 Nxg3 13. fxg3 O-O 14. d5 Ne5
15. Nd4 Qb6 16. b3 Bd7 17. Kh1 Nxd3 18. Qxd3 Bxd4 19. Qxd4 Qxd4 20. cxd4
Rac8 21. Na3 Rc3 22. Rae1 Kf7 23. Rf3 Rfc8 24. Nc4 Rxf3 25. gxf3 b5 26. Ne3
Rc3 27. f4 Rd3 28. Kg2 Rxd4 29. Kf3 Rd2 30. Re2 Rd3 31. Rc2 a5 32. Rc7 Ke8
33. Ra7 a4 34. Ra8+ Kf7 35. bxa4 bxa4 36. Ra7 Bb5 37. Ra5 Bc4 38. Rxa4 Bxd5+
39. Ke2 Be4 40. fxg5 hxg5 41. h4 gxh4 42. gxh4 Rc3 43. Kd2 Rc8 44. Rc4 Rh8
45. a4 Rxh4 46. a5 Rh8 47. a6 Kf6 48. a7 Rh2+ 49. Kc3 Ra2 50. Rc7 Ra3+ 51.
Kd2 e5 52. Nc4 Ra4 53. Nb6 Ra2+ 54. Ke3 Ra3+ 55. Kd2 Ra6 56. Nc8 f4 57. Rc3
Bb7 {White resigns} 0-1

[Event "ICC tourney 2916 (30 10)"]
[Site "Internet Chess Club"]
[Date "2022.05.21"]
[Round "4"]
[White "GRESEN, EVAN MICHAEL:EVMIGR"]
[Black "PUGH, RICHARD:rpughiii"]
[Result "1-0"]
[ICCResult "Black resigns"]
[WhiteElo "1568"]
[BlackElo "1401"]
[Opening "Owen defense"]
[ECO "B00"]
[NIC "VO.01"]
[Time "18:00:17"]
[PlyCount "91"]
[TimeControl "1800+10"]

1. e4 b6 2. Nc3 Bb7 3. d4 e6 4. a3 Nf6 5. Bd3 c5 6. Nf3 cxd4 7. Nxd4 Nc6 8.
Nf3 d5 9. exd5 Nxd5 10. Ne4 Be7 11. O-O Qc7 12. Qe2 Nf4 13. Bxf4 Qxf4 14. b4
O-O 15. g3 Qg4 16. Qe3 f5 17. Neg5 Bxg5 18. Nxg5 Nd4 19. f3 Qh5 20. c3 h6
21. Nxe6 Nxf3+ 22. Rxf3 Bxf3 23. Nxf8 Rxf8 24. Rf1 Bg4 25. Qe7 Re8 26. Qxa7
Bh3 27. Bc4+ Kh8 28. Qf7 Qxf7 29. Bxf7 Rf8 30. Bd5 Bxf1 31. Kxf1 f4 32. Kg2
g5 33. c4 Kg7 34. a4 fxg3 35. hxg3 Kf6 36. Kf3 h5 37. Ke4 h4 38. gxh4 gxh4
39. Kd4 h3 40. c5 bxc5+ 41. Kxc5 h2 42. b5 Ke5 43. Bg2 Rc8+ 44. Kb6 Rc2 45.
Bc6 h1=Q 46. Bxh1 {Black resigns} 1-0

[Event "ICC tourney 2916 (30 10)"]
[Site "Internet Chess Club"]
[Date "2022.05.21"]
[Round "4"]
[White "MEI, ZERUI TITUS:Thankfulfortune"]
[Black "SHANMUGAM, MEERA:K05-16606945"]
[Result "1/2-1/2"]
[ICCResult "Game drawn because neither player has mating material"]
[WhiteElo "1142"]
[BlackElo "1353"]
[Opening "Four knights: symmetrical variation"]
[ECO "C49"]
[NIC "KP.03"]
[Time "18:00:14"]
[PlyCount "144"]
[TimeControl "1800+10"]

1. e4 e5 2. Nf3 Nf6 3. Nc3 Nc6 4. Bb5 Bb4 5. O-O O-O 6. d3 d6 7. Bg5 Bxc3 8.
bxc3 Bd7 9. h3 a6 10. Bc4 h6 11. Bh4 Na5 12. Bb3 Re8 13. Re1 c6 14. Qd2 b5
15. a4 Be6 16. Bxe6 Rxe6 17. d4 Nc4 18. Qc1 Qe8 19. axb5 axb5 20. Rxa8 Qxa8
21. Bxf6 Rxf6 22. dxe5 dxe5 23. Qd1 Qe8 24. Qa1 Rg6 25. Kh2 Qe7 26. Qa8+ Kh7
27. Qc8 Qf6 28. Qf5 Qe6 29. Qxe6 Rxe6 30. Rd1 Nd6 31. Nxe5 Nxe4 32. Nxf7
Nxf2 33. Rd2 Rf6 34. Ne5 Ne4 35. Rd3 Re6 36. Nf3 Nc5 37. Nd4 Rd6 38. Rg3 Ne4
39. Rg4 Nxc3 40. Rxg7+ Kxg7 41. Nf5+ Kf6 42. Nxd6 Ke6 43. Nb7 Ne4 44. Nd8+
Kd7 45. Nf7 h5 46. g4 hxg4 47. hxg4 c5 48. Ne5+ Ke6 49. Nd3 c4 50. Nb4 Ke5
51. Kh3 Kf4 52. Kh4 Ng5 53. Nd5+ Ke5 54. Kxg5 Kxd5 55. Kf5 b4 56. g5 b3 57.
g6 bxc2 58. g7 c1=Q 59. g8=Q+ Kd4 60. Qd8+ Kc3 61. Qf6+ Kc2 62. Qg6 Qf1+ 63.
Ke5+ Qd3 64. Qg2+ Kc3 65. Qf2 Kb3 66. Qb6+ Kc2 67. Qf2+ Kc3 68. Qe1+ Qd2 69.
Qa1+ Kd3 70. Qd4+ Ke2 71. Qxc4+ Qd3 72. Qxd3+ Kxd3
{Game drawn because neither player has mating material}
1/2-1/2

[Event "ICC tourney 2916 (30 10)"]
[Site "Internet Chess Club"]
[Date "2022.05.21"]
[Round "4"]
[White "VALE CRUZ, ARMIN:trucker"]
[Black "THAIN, JACK:jt1819"]
[Result "1-0"]
[ICCResult "Black forfeits on time"]
[WhiteElo "1592"]
[BlackElo "1662"]
[Opening "Caro-Kann: classical, Spassky variation"]
[ECO "B19"]
[NIC "CK.12"]
[Time "18:00:18"]
[PlyCount "109"]
[TimeControl "1800+10"]

1. e4 c6 2. d4 d5 3. Nc3 dxe4 4. Nxe4 Bf5 5. Ng3 Bg6 6. h4 h6 7. Nf3 Nd7 8.
h5 Bh7 9. Bd3 Bxd3 10. Qxd3 Ngf6 11. Bd2 e6 12. O-O-O Be7 13. Kb1 O-O 14.
Ne4 Nxe4 15. Qxe4 Nf6 16. Qe2 Qd5 17. Rh3 Qe4 18. Qf1 c5 19. Re1 Qh7 20.
dxc5 Rac8 21. Ne5 Rxc5 22. Nd3 Rxh5 23. g4 Rxh3 24. Qxh3 Ne4 25. Be3 Ng5 26.
Qg2 b6 27. Qb7 Bf6 28. Qxa7 Nf3 29. Rd1 Ne5 30. Nxe5 Bxe5 31. Qxb6 Qe4 32.
Rd8 Rxd8 33. Qxd8+ Kh7 34. Qd3 Qxd3 35. cxd3 f5 36. gxf5 exf5 37. f4 Bc7 38.
Kc2 h5 39. Kd1 Kg6 40. b4 Kf7 41. b5 Ke6 42. b6 Bb8 43. a4 h4 44. Ke2 g5 45.
Kf3 g4+ 46. Kg2 Bd6 47. a5 Kd7 48. a6 Kc6 49. Kh2 h3 50. Kg3 Be7 51. Bd4
Bh4+ 52. Kh2 Be7 53. b7 Bd6 54. Be5 Bc7 55. b8=Q {Black forfeits on time}
1-0

[Event "ICC tourney 2916 (30 10)"]
[Site "Internet Chess Club"]
[Date "2022.05.21"]
[Round "5"]
[White "Doan Giang, Nguyen Doan:Doctorstrange04"]
[Black "VALE CRUZ, ARMIN:trucker"]
[Result "0-1"]
[ICCResult "White checkmated"]
[WhiteElo "1698"]
[BlackElo "1592"]
[Opening "Scandinavian defense"]
[ECO "B01"]
[NIC "SD.03"]
[Time "20:01:33"]
[PlyCount "68"]
[TimeControl "1800+10"]

1. e4 d5 2. exd5 Nf6 3. Bb5+ c6 4. dxc6 bxc6 5. Be2 e5 6. d3 Bc5 7. Nf3 Nbd7
8. Nc3 h6 9. O-O O-O 10. a3 a5 11. h3 Re8 12. Nd2 Nf8 13. Nde4 Ba7 14. Nxf6+
Qxf6 15. Ne4 Qd8 16. Be3 Ng6 17. Bg4 Be6 18. Bxe6 Rxe6 19. Qg4 Bd4 20. Rab1
Rb8 21. b3 Qf8 22. a4 f5 23. Qh5 fxe4 24. Bxd4 exd4 25. Qxa5 exd3 26. cxd3
Nf4 27. Qa6 Rg6 28. g3 Qf5 29. Qa7 Rf8 30. Qe7 Re6 31. Qh4 Nxh3+ 32. Kg2
Nxf2 33. Qxd4 Qh3+ 34. Kg1 Qh1# {White checkmated} 0-1

[Event "ICC tourney 2916 (30 10)"]
[Site "Internet Chess Club"]
[Date "2022.05.21"]
[Round "5"]
[White "THAIN, JACK:jt1819"]
[Black "GRESEN, EVAN MICHAEL:EVMIGR"]
[Result "0-1"]
[ICCResult "White resigns"]
[WhiteElo "1662"]
[BlackElo "1568"]
[Opening "Queen's pawn game"]
[ECO "D00"]
[NIC "QP.07"]
[Time "20:01:14"]
[PlyCount "48"]
[TimeControl "1800+10"]

1. d4 Nf6 2. Nc3 d5 3. Bf4 c6 4. e3 g6 5. Be2 Bg7 6. h4 h6 7. g4 Be6 8. g5
hxg5 9. Bxg5 Nbd7 10. Nf3 Qb6 11. Na4 Qa5+ 12. c3 b5 13. Nc5 Nxc5 14. dxc5
Ne4 15. Rg1 b4 16. Nd4 bxc3 17. Nxc6 cxb2+ 18. Nxa5 bxa1=Q 19. Bb5+ Kf8 20.
Qxa1 Bxa1 21. c6 Bc3+ 22. Ke2 Bxa5 23. Bxe7+ Kxe7 24. Rxg6 fxg6 {White
resigns} 0-1

[Event "ICC tourney 2916 (30 10)"]
[Site "Internet Chess Club"]
[Date "2022.05.21"]
[Round "5"]
[White "SHI, WARREN:warren200"]
[Black "MEI, ZERUI TITUS:Thankfulfortune"]
[Result "0-1"]
[ICCResult "White resigns"]
[WhiteElo "886"]
[BlackElo "1142"]
[Opening "Ruy Lopez: exchange variation, 5.O-O"]
[ECO "C68"]
[NIC "RL.08"]
[Time "20:01:09"]
[PlyCount "59"]
[TimeControl "1800+10"]

1. e4 e5 2. Nf3 Nc6 3. Bb5 a6 4. Bxc6 dxc6 5. O-O Bd6 6. Nc3 Nf6 7. d3 Bg4
8. h3 Bh5 9. Be3 O-O 10. Re1 h6 11. a3 Re8 12. a4 Qd7 13. b3 Bb4 14. Bd2
Bxf3 15. Qxf3 Qd4 16. Ne2 Qd6 17. Bxb4 Qxb4 18. Ng3 Qd2 19. Rac1 Qg5 20. Rb1
b5 21. axb5 cxb5 22. c4 bxc4 23. bxc4 c5 24. Rb7 a5 25. Rb5 Rec8 26. Ne2 a4
27. Nc3 Qd2 28. Nd5 Qxe1+ 29. Kh2 Nxd5 30. exd5 {White resigns} 0-1

[Event "ICC tourney 2916 (30 10)"]
[Site "Internet Chess Club"]
[Date "2022.05.21"]
[Round "5"]
[White "LEONG, ANSON:CaptainAL13"]
[Black "GEVORGYAN, DAVIT:Davo29"]
[Result "1-0"]
[ICCResult "Black resigns"]
[WhiteElo "1378"]
[BlackElo "1676"]
[Opening "Caro-Kann: advance variation"]
[ECO "B12"]
[NIC "CK.04"]
[Time "20:01:12"]
[PlyCount "81"]
[TimeControl "1800+10"]

1. e4 c6 2. d4 d5 3. e5 Bf5 4. h4 h5 5. c4 e6 6. Nc3 Ne7 7. Bg5 dxc4 8. Bxc4
Qb6 9. Bb3 Nd5 10. Nxd5 cxd5 11. Nf3 Nc6 12. O-O Bg4 13. Ba4 Be7 14. Bxe7
Kxe7 15. Bxc6 bxc6 16. b3 Kd7 17. Rc1 Rh6 18. Rc3 Rg6 19. Qd2 Bh3 20. Ng5
Bxg2 21. Kxg2 f6 22. exf6 gxf6 23. Rg3 fxg5 24. hxg5 Rf8 25. Qe2 Qxd4 26.
Qxh5 Qg7 27. f4 Rf5 28. Qe2 Qd4 29. Qa6 Qb6 30. Qxb6 axb6 31. Kh3 Ke7 32.
Kg4 Kf7 33. Rc1 c5 34. Rh3 Kg8 35. Rch1 Kf7 36. Rh7+ Rg7 37. Rxg7+ Kxg7 38.
Rh6 Kf7 39. Rh7+ Kg6 40. Re7 e5 41. Re6+ {Black resigns} 1-0